 Dungeon Crawl Stone Soup version 0.18-a0-977-ge0e037f (webtiles) character file.

662 Oddball22 the Poker (level 7, -2/55 HPs)
             Began as a Demonspawn Berserker on Jan 3, 2016.
             Was an Elder of Trog.
             Slain by a centaur skeleton (3 damage)
             ... on level 5 of the Dungeon.
             The game lasted 00:09:42 (3645 turns).

Oddball22 the Poker (Demonspawn Berserker)          Turns: 3645, Time: 00:09:43

Health: -2/55      AC:  9    Str: 18    XL:     7   Next: 30%
Magic:  7/7        EV: 13    Int:  8    God:    Trog [****..]
Gold:   251        SH:  0    Dex: 14    Spells: 0 memorised, 6 levels left

rFire  + . .     SeeInvis .     w - +0 scythe
rCold  . . .     Gourm    .     J - +0 leather armour {MR+}
rNeg   . . .     Faith    .     (shield currently unavailable)
rPois  .         Spirit   .     C - +0 helmet
rElec  .         Dismiss  .     A - +0 cloak
rCorr  .         Reflect  .     l - +0 pair of gloves
SustAt .         Harm     +     (no boots)
MR     +....                    u - amulet of harm
Stlth  ++........               a - ring of protection from fire
                                t - ring of stealth

@: exhausted, slowed, very slow, somewhat resistant to hostile enchantments,
unstealthy
A: thin metallic scales 2, foul stench 1, rot immunity
a: Berserk, Trog's Hand, Brothers in Arms, Burn Spellbooks, Renounce Religion


You were on level 5 of the Dungeon.
You worshipped Trog.
Trog was greatly pleased with you.
You were near starving.

You visited 1 branch of the dungeon, and saw 5 of its levels.

You collected 251 gold pieces.

Inventory:

Hand Weapons
 w - a +0 scythe (weapon)
Armour
 l - a +0 pair of gloves (worn)
 A - a +0 cloak (worn)
 C - a +0 helmet (worn)
 G - a +4 scale mail
 J - a +0 leather armour of magic resistance (worn)
Jewellery
 a - a ring of protection from fire (right hand)
 t - a ring of stealth (left hand)
 u - an amulet of harm (around neck)
Scrolls
 d - a scroll of enchant weapon {unknown}
 f - a scroll of teleportation
 i - 2 scrolls of fog
 k - a scroll of immolation {unknown}
 m - a scroll of fear
 o - 3 scrolls of remove curse
 q - 2 scrolls of identify
 v - a scroll of recharging {unknown}
 y - a scroll of noise {unknown}
 B - a scroll of blinking {unknown}
 F - a scroll of magic mapping
Potions
 b - a potion of agility {unknown}
 e - a potion of brilliance
 h - 3 potions of curing
 j - a potion of might {unknown}
 p - 2 potions of degeneration {unknown}
 r - 2 potions of haste
 s - a potion of resistance {unknown}
 x - a potion of berserk rage {unknown}
 z - a potion of poison {unknown}
 H - a potion of invisibility
Comestibles
 c - 4 bread rations
 g - 3 fruits
 n - 3 meat rations
 D - a beef jerky
 E - 2 slices of pizza


   Skills:
 + Level 4.6 Fighting
 * Level 6.0 Polearms
 - Level 2.0 Armour
 + Level 3.8 Dodging


You had 6 spell levels left.
You didn't know any spells.

Dungeon Overview and Level Annotations

Branches:
Dungeon (5/15)
 Temple: D:4-7

Altars:
Makhleb
Okawaru
Yredelemnul


Innate Abilities, Weirdness & Mutations

You are mostly covered in thin metallic scales (AC +3).
You may emit foul miasma when damaged in melee.
You are immune to rotting.


Message History

The killer bee zombie closely misses you.
The centaur skeleton hits you.
The killer bee zombie closely misses you.
The centaur skeleton misses you.
The killer bee zombie hits you but does no damage.
The centaur skeleton closely misses you.
The killer bee zombie hits you.
* * * LOW HITPOINT WARNING * * *
You are too injured to fight recklessly!
You are too injured to fight recklessly!
You are too injured to fight recklessly!
You are too injured to fight recklessly!
You barely miss the killer bee zombie. The killer bee zombie hits you.
* * * LOW HITPOINT WARNING * * *
The killer bee zombie hits you!
* * * LOW HITPOINT WARNING * * *
You emit a cloud of foul miasma!
The centaur skeleton closely misses you.
The killer bee zombie misses you. The centaur skeleton hits you.
You die...

#.###.##.##########..............
#........##########..##...#....##
#..##...(............##...#....##
#..#############.....##...#......
....# ##################........
#...####........# #...###.#.#....
....##......#...##.....##........
##..##.....##...#)......#...###.#
##..#......##...@Z.(....#.### #.#
###......####...#Z......#.#####.#
# #.###### #...##.....##.......#
#.# #...# #...###.#####.# #.#
#...# #### #....##.# #.# #...#
......... #.# +...# #.##.##.# #.#
#...# # #.. #.# #..


You could see a killer bee zombie and a centaur skeleton.

Vanquished Creatures
  Sigmund (D:3)
  A crimson imp (D:5)
  A hound (D:5)
  3 orc priests (D:4)
  2 orc wizards
  An iguana (D:5)
  2 worker ants (D:5)
  A gnoll (D:4)
  7 adders
  A shadow imp (D:5)
  An ooze (D:5)
  3 worms
  4 giant geckos
  12 orcs
  A ball python (D:1)
  6 giant cockroaches
  14 goblins
  20 hobgoblins
  4 jackals
  A quokka (D:3)
  5 bats
  A giant gecko skeleton (D:4)
  4 giant newts
  13 kobolds
  16 rats
125 creatures vanquished.

Notes
Turn   | Place    | Note
--------------------------------------------------------------
     0 | D:1      | Oddball22 the Demonspawn Berserker began the quest for the Orb.
     0 | D:1      | Reached XP level 1. HP: 18/18 MP: 1/1
    40 | D:1      | Gained mutation: You are partially covered in thin metallic scales (AC +2). [demonic ancestry]
    40 | D:1      | Reached XP level 2. HP: 24/24 MP: 2/2
   177 | D:1      | Reached ** piety under Trog
   415 | D:1      | Gained mutation: You are immune to rotting. [demonic ancestry]
   415 | D:1      | Reached XP level 3. HP: 19/29 MP: 3/3
  1044 | D:2      | Reached *** piety under Trog
  1111 | D:2      | Gained mutation: You may emit foul miasma when damaged in melee. [demonic ancestry]
  1111 | D:2      | Reached XP level 4. HP: 22/35 MP: 4/4
  1195 | D:2      | Found an iron altar of Okawaru.
  1485 | D:3      | Found a basalt altar of Yredelemnul.
  1506 | D:3      | Noticed Sigmund
  1514 | D:3      | Killed Sigmund
  1514 | D:3      | Reached skill level 4 in Fighting
  1514 | D:3      | Reached XP level 5. HP: 42/42 MP: 5/5
  1657 | D:3      | Gained mutation: You are mostly covered in thin metallic scales (AC +3). [demonic ancestry]
  1657 | D:3      | Reached XP level 6. HP: 28/48 MP: 6/6
  2224 | D:4      | Reached skill level 5 in Polearms
  2337 | D:4      | Reached **** piety under Trog
  2755 | D:4      | Found a burning altar of Makhleb.
  3376 | D:5      | Entered Level 5 of the Dungeon
  3513 | D:5      | Reached XP level 7. HP: 52/55 MP: 7/7
  3641 | D:5      | Reached skill level 6 in Polearms
  3645 | D:5      | HP: 1/55 [killer bee zombie (8)]
  3645 | D:5      | Slain by a centaur skeleton

Vault maps used:
D:1:      dpeg_arrival_water_temple_mockup, st_stairs_10, minmay_ruptured
D:2:      hangedman_decor_lopped, minmay_misc_feat_more_columns,
          okawaru_altar_gauntlet_db
D:3:      yredelemnul_altar_generic, minmay_misc_feat_tiny, uniq_sigmund
D:4:      corexii_shantytown, bloody_makhleb
D:5:      minmay_opposing_rooms, first_bread, serial_bayou_ford_a,
          johnstein_pakellas_shop

Action                   |  1- 3 |  4- 6 |  7- 9 || total
-------------------------+-------+-------+-------++-------
Melee: Spear             |   152 |    45 |       ||   197
       Scythe            |       |   143 |    17 ||   160
Invok: Berserk           |     4 |     4 |     1 ||     9
  Use: Scroll            |       |     8 |       ||     8
       Potion            |       |     3 |       ||     3
 Stab: Sleeping          |     4 |    15 |       ||    19
       Distracted        |       |     1 |       ||     1
  Eat: Chunk             |     5 |    12 |       ||    17
